 Dungeon Crawl Stone Soup version 0.29.1-1-gd02db6906a (webtiles) character file.

Game seed: 8747107084823828794

3894 hawla the Arsonist (level 10, -3/74 HPs)
             Began as a Meteoran Fire Elementalist on Oct 17, 2022.
             Was a Believer of Vehumet.
             Slain by a troll (9 damage)
             ... on level 9 of the Dungeon.
             The game lasted 00:20:07 (4865 turns).

hawla the Arsonist (Meteoran Fire Elementalist)     Turns: 4865, Time: 00:20:07

Health: -3/74      AC:  8    Str: 11    XL:     10   Next: 70%
Magic:  25/31      EV: 13    Int: 26    God:    Vehumet [**....]
Gold:   518        SH:  0    Dex: 15    Spells: 12/24 levels left

rFire   . . .      SeeInvis .   t - +1 spear (flame)
rCold   . . .      Faith    .   (no shield)
rNeg    . . .      Spirit   .   e - +3 leather armour of Opsyrph Lacu {rPois rCorr MP+9}
rPois   +          Reflect  .   c - +1 helmet
rElec   .          Harm     .   (no cloak)
rCorr   +          Rampage  .   (no gloves)
Will    +....                   (no boots)
Stlth   +.........              (no amulet)
HPRegen 0.22/turn               g - +6 ring of intelligence
MPRegen 0.22/turn               (no ring)

@: slowed, glowing, very slow
A: sense surroundings 2, otherworldly, glowing, explore regen
a: Renounce Religion


You were on level 9 of the Dungeon.
You worshipped Vehumet.
Vehumet was pleased with you.
You visited 2 branches of the dungeon, and saw 10 of its levels.

You collected 518 gold pieces.

Inventory:

Hand Weapons
 i - a +2 trident of venom
 t - a +1 spear of flaming (weapon)
Armour
 c - a +1 helmet (worn)
 e - the +3 leather armour of Opsyrph Lacu (worn) {rPois rCorr MP+9}
   (You took it off a hobgoblin on level 3 of the Dungeon)

   rPois:     It protects you from poison.
   MP:        It affects your magic capacity (+9).
   rCorr:     It protects you from acid and corrosion.
Magical Staves
 j - a staff of death
Jewellery
 g - a +6 ring of intelligence (left hand)
 h - an amulet of the acrobat
 u - a ring of willpower
 z - a +6 ring of intelligence
Wands
 q - a wand of charming (14) (quivered)
Scrolls
 d - 2 scrolls of magic mapping
 k - a scroll of teleportation
 y - 2 scrolls of amnesia
Potions
 a - 4 potions of curing {unknown}
 b - 2 potions of magic
 l - 3 potions of might
 m - a potion of resistance
 n - 2 potions of haste {unknown}
 o - 2 potions of lignification {unknown}
 p - a potion of flight {unknown}
 r - 2 potions of brilliance {unknown}
 s - a potion of invisibility {unknown}
 v - a potion of ambrosia {unknown}
 w - a potion of berserk rage {unknown}
 x - a potion of attraction {unknown}


   Skills:
 + Level 2.4 Fighting
 + Level 4.6 Polearms
 + Level 3.9 Armour
 + Level 4.4 Dodging
 - Level 1.4 Stealth
 + Level 7.9 Spellcasting
 + Level 6.0 Conjurations
 + Level 4.5 Necromancy
 + Level 11.0 Fire Magic
 + Level 2.0 Evocations


You had 12 spell levels left.
You knew the following spells:

 Your Spells              Type           Power      Damage    Failure   Level
a - Foxfire               Conj/Fire      100%       2x1d9     1%          1
b - Scorch                Fire           100%       2d10      1%          2
c - Flame Wave            Conj/Fire      53%        2d13      2%          4
d - Vampiric Draining     Necr           33%        2d8       3%          3
e - Searing Ray           Conj           82%        2d7       1%          2

Your spell library contained the following spells:

 Spells                   Type           Power      Damage    Failure   Level
 Necrotise                Necr           100%       1d9       1%          1
 Conjure Flame            Conj/Fire      53%        6-21      1%          3
 Inner Flame              Hex/Fire       38%        N/A       2%          3
 Call Canine Familiar     Summ           10%        N/A       22%         3
 Portal Projectile        Hex/Tloc       20%        N/A       22%         3
 Agony                    Necr           33%        N/A       32%         5
 Leda's Liquefaction      Hex/Erth       5%         N/A       58%         4


Dungeon Overview and Level Annotations

Branches:
Dungeon (9/15) Zot: 600    Temple (1/1) D:4 Zot: 440
   Lair: D:8-11         Orc: D:9-12

Altars:
Ashenzari
Cheibriados
Elyvilon
Fedhas
Gozag
Hepliaklqana
Kikubaaqudgha
Makhleb
Nemelex Xobeh
Okawaru
Qazlal
Ru
Sif Muna
Trog
Uskayaw
Vehumet
Wu Jian
Xom
Yredelemnul
Zin
The Shining One

Shops:
D:5 (


Innate Abilities, Weirdness & Mutations

You passively map the area around you.
You are easily found by Zot.
You glow in the dark.
You regain HP and MP as you explore.


Message History

* * * LOW HITPOINT WARNING * * *
The steam dragon claws you.
* * * LOW HITPOINT WARNING * * *
You feel much better.
The killer bee buzzes angrily.
The killer bee closely misses you. The killer bee stings you.
The killer bee stings you but does no damage.
The steam dragon bites you.
* * * LOW HITPOINT WARNING * * *
The steam dragon barely misses you. The killer bee barely misses you.
The killer bee misses you. The steam dragon bites you!
* * * LOW HITPOINT WARNING * * *
The steam dragon claws you.
* * * LOW HITPOINT WARNING * * *
The steam dragon attacks as you move away!
The steam dragon bites you.
* * * LOW HITPOINT WARNING * * *
The steam dragon misses you.
Your surroundings suddenly seem different.
A troll comes into view.
The troll shouts!
Casting: Foxfire (safe; 1% risk of failure)
Confirm with . or Enter, or press ? or * to list all spells.
Casting: Flame Wave (dangerous; 2% risk of failure)
Press: ? - help, Dir - look around, f - activate A wave of flame ripples out!
The flame wave engulfs the troll!
The troll is moderately wounded. (Press . to intensify the flame waves.)
The troll completely misses you. The troll claws you. The troll claws you!
Unknown command.
Casting: Flame Wave (dangerous; 2% risk of failure)
Confirm with . or Enter, or press ? or * to list all spells.
Flames lash the troll.
The troll is moderately wounded.
The troll's fire resistance burns away.
The troll bites you!
* * * LOW HITPOINT WARNING * * *
The troll claws you!
* * * LOW HITPOINT WARNING * * *
The troll claws you!
You die...

,* * , ### , , ,
,, ..# , **, #
#.# ** #.* #..,,
, * ,.. *#.# * #
, , #. #.#####.##
*
#..#..##.##.....#
, ,*
....!..T@...##..#
*** #.######.####
.# ,* #... # * ,*
##### ** , * * *
* * , , * ,, ** *
, , * *, , , * ,,
,,, , * , , , ,,
, ,, , , * ,,, *


You could see a troll (combustible).

Vanquished Creatures
  Joseph (D:8)
  Psyche (D:8)
  2 wyverns
  3 yaks (D:8)
  2 wraiths (D:9)
  4 water moccasins
  An acid dragon (D:8)
  An orc warrior (D:8)
  2 black bears
  2 ogres (D:5)
  A sky beast (D:6)
  A phantom (D:5)
  A kobold brigand (D:8)
  A bullfrog (D:7)
  A gnoll sergeant (D:5)
  A necrophage (D:5)
  A scorpion (D:5)
  A howler monkey (D:6)
  4 hounds
  2 jellies
  A gnoll bouda (D:6)
  2 orc priests
  4 iguanas
  3 orc wizards
  8 gnolls
  5 adders
  2 shadow imps
  A white imp (D:8)
  An ufetubus (D:5)
  A worm (D:1)
  A dart slug (D:4)
  9 orcs
  10 endoplasms
  7 giant cockroaches
  4 goblins
  4 hobgoblins
  6 jackals
  4 quokkas
  3 training dummies (D:5)
  5 ball pythons
  5 bats
  4 frilled lizards
  10 kobolds
  7 rats
140 creatures vanquished.

Vanquished Creatures (collateral kills)
  A sky beast (D:7)
1 creature vanquished.

Vanquished Creatures (others)
  250 foxfires
250 creatures vanquished.

Grand Total: 391 creatures vanquished

Notes
Turn   | Place    | Note
-------+----------+-------------------------------------------
     0 | D:1      | hawla the Meteoran Fire Elementalist began the quest for
                  | the Orb.
     0 | D:1      | Reached XP level 1. HP: 14/14 MP: 5/5
     1 | D:1      | Found a runed translucent door.
    62 | D:1      | Reached XP level 2. HP: 20/20 MP: 3/6
    67 | D:1      | Reached skill level 4 in Fire Magic
    77 | D:1      | Learned a level 2 spell: Scorch
   140 | D:1      | Reached XP level 3. HP: 23/26 MP: 2/8
   392 | D:1      | Found a faded altar of an unknown god.
   500 | D:1      | Glimpsed the power of Zot.
   537 | D:2      | Reached XP level 4. HP: 23/33 MP: 3/9
  1091 | D:2      | Glimpsed the power of Zot.
  1139 | D:3      | Identified the +3 leather armour of Opsyrph Lacu {rPois
                  | rCorr MP+9}
  1212 | D:3      | Reached skill level 5 in Fire Magic
  1242 | D:3      | Reached XP level 5. HP: 36/38 MP: 11/11
  1889 | D:4      | Learned a level 4 spell: Flame Wave
  1901 | D:4      | Found a staircase to the Ecumenical Temple.
  1932 | Temple   | Entered the Ecumenical Temple
  2044 | Temple   | Became a worshipper of Vehumet
  2140 | D:4      | Reached skill level 6 in Fire Magic
  2140 | D:4      | Reached XP level 6. HP: 45/45 MP: 12/12
  2406 | D:4      | Glimpsed the power of Zot.
  2430 | D:5      | Entered Level 5 of the Dungeon
  2465 | D:5      | Found Exeville's Firing Range.
  2501 | D:5      | Reached skill level 7 in Fire Magic
  2511 | D:5      | Noticed a black bear
  2520 | D:5      | Killed a black bear
  2521 | D:5      | Reached XP level 7. HP: 28/50 MP: 11/13
  2567 | D:5      | Reached skill level 8 in Fire Magic
  2571 | D:5      | Reached XP level 8. HP: 57/57 MP: 13/14
  2573 | D:5      | Reached * piety under Vehumet
  2573 | D:5      | Offered knowledge of Magic Dart by Vehumet.
  2655 | D:5      | Reached skill level 9 in Fire Magic
  2670 | D:5      | Learned a level 3 spell: Vampiric Draining
  2723 | D:5      | Reached skill level 5 in Conjurations
  2763 | D:5      | Reached skill level 1 in Armour
  2897 | D:5      | Found a burning altar of Makhleb.
  3120 | D:6      | Gained mutation: You passively map the area around you.
                  | [Meteoran growth]
  3120 | D:6      | Reached XP level 9. HP: 63/63 MP: 14/16
  3153 | D:6      | Reached skill level 1 in Evocations
  3163 | D:6      | Reached skill level 1 in Polearms
  3464 | D:6      | Reached skill level 1 in Fighting
  3599 | D:6      | Glimpsed the power of Zot.
  3657 | D:7      | Reached skill level 5 in Spellcasting
  4042 | D:8      | Noticed Psyche
  4047 | D:8      | Reached ** piety under Vehumet
  4047 | D:8      | Offered knowledge of Searing Ray by Vehumet.
  4054 | D:8      | Killed Psyche
  4057 | D:8      | Reached XP level 10. HP: 51/72 MP: 19/19
  4220 | D:8      | Found a stormy altar of Qazlal.
  4229 | D:8      | Found a glowing silver altar of Zin.
  4252 | D:8      | Noticed Joseph
  4261 | D:8      | Killed Joseph
  4262 | D:8      | Reached skill level 10 in Fire Magic
  4294 | D:8      | Found a blossoming altar of Fedhas.
  4752 | D:8      | Learned a level 2 spell: Searing Ray
  4850 | D:9      | Reached skill level 11 in Fire Magic
  4865 | D:9      | Slain by a troll

Illustrated notes

Levels and vault maps discovered:
D:1:      dpeg_arrival_caged_fury, layout_basic,
          hellmonk_ecumenical_altar_heavens_door, item_on_display_a
D:2:      layout_basic
D:3:      layout_rooms
D:4:      cheibrodos_helix_gallery, layout_layer_cave,
          minmay_temple_entry_statues_pillars
D:5:      layout_cave_pools, makhleb_heckhound_becter, st_stairs_5,
          nicolae_shop_firing_range
D:6:      layout_loops_ring, serial_co_window_serial, co_window_corner_a,
          co_window_paths_b, co_window_paths_a, co_window_of_opportunity_a,
          co_window_paths_a, co_window_2corner, co_window_broadway_a,
          co_window_unsneaky_path_d, co_window_corner_ca,
          co_window_unsneaky_path_c, co_window_sun, co_window_4corner_a,
          glass_columns_b, glass_columns_a, glass_columns_b, glass_columns_a,
          minmay_crystal_room, grunt_tough_drop
D:7:      layout_rooms
D:8:      layout_basic, amethyst_overflow_temple_binary, fedhas_altar_2,
          uniq_psyche, uniq_joseph
D:9:      layout_loops_cross, uniq_harold
Temple:   regret_index_temple_mists

Skill      XL: |  1  2  3  4  5  6  7  8  9 10 |
---------------+-------------------------------+-----
Fire Magic     | 4 5 6 7 8 9 11 | 11.0
Spellcasting   | 3 4 5 7 |  7.9
Dodging        | 3 4 |  4.4
Conjurations   | 2 3 4 5 6 |  6.0
Armour         | 1 3 |  3.9
Necromancy     | 3 4 |  4.5
Evocations     | 2 |  2.0
Polearms       | 3 4 |  4.6
Fighting       | 1 2 |  2.4
Stealth        | |  1.4

Action                   |  1- 3 |  4- 6 |  7- 9 | 10-12 || total
-------------------------+-------+-------+-------+-------++-------
Melee: Trident           |       |    58 |    69 |    18 ||   145
       Unarmed           |       |     5 |       |       ||     5
 Cast: Foxfire           |    37 |    53 |    40 |    12 ||   142
       Scorch            |     6 |    22 |    24 |    17 ||    69
       Vampiric Draining |       |       |     6 |       ||     6
       Flame Wave        |       |       |     1 |     5 ||     6
  Use: Scroll            |       |     9 |     8 |     2 ||    19
       Potion            |       |     1 |     1 |     1 ||     3
Armor: Robe              |    11 |    27 |       |       ||    38
       Leather armour    |       |    16 |    45 |     5 ||    66
Dodge: Dodged            |    19 |    64 |    48 |    27 ||   158
